 Dungeon Crawl Stone Soup version 0.30-a0-1116-gebefce21f7 (webtiles) character file.

Game seed: 16033400266123571160

1459 cforsyth the Trooper (level 8, -1/57 (70) HPs)
             Began as a Demigod Wanderer on Apr 21, 2023.
             Slain by a wight
             ... wielding a +2 mace of protection
              (4 damage)
             ... on level 6 of the Dungeon.
             The game lasted 00:12:59 (7481 turns).

cforsyth the Trooper (Demigod Wanderer)             Turns: 7481, Time: 00:12:59

HP:   -1/57 (70)    AC: 11    Str: 20    XL:     8   Next: 23%
MP:   13/13         EV: 13    Int: 18    God:
Gold: 362           SH:  0    Dex: 10    Spells: 9/10 levels left

rFire   . . .      SeeInvis .    w - +2 whip (venom)
rCold   . . .      Faith    .    (no shield)
rNeg    . . .      Spirit   .    k - +0 chain mail
rPois   .          Reflect  .    m - +0 helmet
rElec   .          Rampage  .    (no cloak)
rCorr   .                        (no gloves)
Will    .....                    (no boots) Stlth
                                 (no amulet)
HPRegen 0.29/turn                r - +5 ring of evasion
MPRegen 0.13/turn                E - ring of wizardry

@: heavily drained
A: high MP 1, forlorn, divine attributes
a: no special abilities


You were on level 6 of the Dungeon.
You visited 1 branch of the dungeon, and saw 6 of its levels.

You collected 362 gold pieces.

Inventory:

Hand Weapons
 a - a +0 club
 w - a +2 whip of venom (weapon)
Armour
 c - a +0 scale mail
 k - a +0 chain mail (worn)
 m - a +0 helmet (worn)
 n - a +0 ring mail
 x - an orb of guile
Jewellery
 r - a +5 ring of evasion (left hand)
 u - a ring of resist corrosion
 v - a ring of fire
 y - a +5 ring of evasion
 E - a ring of wizardry (right hand)
Scrolls
 d - 2 scrolls of vulnerability
 e - a scroll of fog {unknown}
 f - 2 scrolls of immolation {unknown}
 i - 5 scrolls of teleportation
 p - 2 scrolls of blinking
 q - a scroll of amnesia
 t - a scroll of noise {unknown}
 B - 4 scrolls of enchant armour {unknown}
 C - 2 scrolls of silence {unknown}
 D - a scroll of fear {unknown}
 F - a scroll of magic mapping {unknown}
Potions
 b - a potion of might
 g - 2 potions of resistance
 h - 2 potions of ambrosia
 j - 6 potions of curing
 l - a potion of cancellation
 o - a potion of flight
 s - 3 potions of brilliance {unknown}
 z - 2 potions of haste
 A - a potion of lignification
 G - a potion of heal wounds {unknown}
 H - 2 potions of mutation {unknown}


   Skills:
 + Level 6.3 Fighting
 + Level 4.7 Maces & Flails
 + Level 5.0 Armour
 - Level 1.0 Dodging
 - Level 1.9 Stealth
 - Level 1.8 Spellcasting
 - Level 1.8 Conjurations
 - Level 1.8 Fire Magic


You had 9 spell levels left.
You knew the following spells:

 Your Spells              Type           Power      Damage    Failure   Level
a - Foxfire               Conj/Fire      32%        2x1d5     24%         1

Your spell library contained the following spells:

 Spells                   Type           Power      Damage    Failure   Level
 Searing Ray              Conj           16%        2d5       32%         2
 Freeze                   Ice            4%         1d3       45%         1
 Static Discharge         Conj/Air       10%        2-3/arc   45%         2
 Ensorcelled Hibernation  Hex/Ice        2%         N/A       58%         2
 Passwall                 Tmut/Erth      0%         N/A       58%         2
 Hailstorm                Conj/Ice       5%         3d4       69%         3
 Inner Flame              Hex/Fire       5%         N/A       69%         3
 Frozen Ramparts          Ice            2%         1d1       80%         3
 Swiftness                Air            1%         N/A       80%         3
 Flame Wave               Conj/Fire      8%         2d5       90%         4
 Fireball                 Conj/Fire      4%         3d4       99%         5
 Iskenderun's Battlesphe  Conj           8%         2d6       99%         5
 Conjure Ball Lightning   Conj/Air       2%         3x3d6     100%        6
 Orb of Destruction       Conj           4%         9d5       100%        7


Dungeon Overview and Level Annotations

Branches:
Dungeon (6/15)             Temple (0/1) D:6


Innate Abilities, Weirdness & Mutations

You have an increased reservoir of magic. (+10% MP)
You shall have no god before yourself.
Your divine heritage dramatically boosts your attributes as you level up.


Message History

You barely miss the wight.
The wight is severely damaged.
The wight barely misses you. x2
You hit the wight but do no damage.
The wight is severely damaged.
The wight closely misses you. The wight barely misses you.
You closely miss the wight.
The wight is severely damaged.
The wight closely misses you. The wight hits you but does no damage.
You barely miss the wight.
The wight is severely damaged.
The wight hits you with a +2 mace of protection!
You feel drained.
The wight hits you with a +0 dire flail.
You feel drained.
You are too injured to fight recklessly!
You are too injured to fight recklessly!
You are too injured to fight recklessly!
You are too injured to fight recklessly!
You are too injured to fight recklessly!
You are too injured to fight recklessly!
You are too injured to fight recklessly!
You are too injured to fight recklessly!
You are too injured to fight recklessly!
You hit the wight but do no damage.
The wight is severely damaged.
You completely miss the wight.
The wight is severely damaged.
The wight hits you with a +2 mace of protection.
You feel drained. The wight barely misses you.
The wight attacks as you move away!
The wight hits you with a +2 mace of protection!
* * * LOW HITPOINT WARNING * * *
You feel drained.
* * * LOW HITPOINT WARNING * * *
The wight attacks as you move away!
The wight hits you with a +2 mace of protection!
* * * LOW HITPOINT WARNING * * *
You feel drained.
You die...

+....#....#.......
#....'....'.......
#....#...(#.......
##..#####'##...###
######..###...##...###
#.....................
#.......).............
#.....zz..)..<).......
#....@####.##.##..####
#.....# #.##+##..###.
#...... .#..........
#....... .'..........
#........ .#..........
#..........#.......<..
#...####.####...####.(
#... .# ########..
..........


You could see 2 wights.

Vanquished Creatures
  Grinder (D:4)
  An ice beast (D:5)
  A black bear (D:4)
  A phantom (D:6)
  A kobold brigand (D:6)
  3 wights (D:6)
  A howler monkey (D:6)
  5 hounds
  2 jellies
  2 gnoll boudas (D:5)
  A sleepcap (D:3)
  Jessica (D:2)
  2 iguanas (D:5)
  2 orc wizards
  7 adders
  11 gnolls
  3 white imps
  2 worms
  4 dart slugs
  8 orcs
  8 ball pythons
  9 endoplasms
  2 giant cockroaches
  5 goblins
  8 hobgoblins
  6 jackals
  11 kobolds
  5 quokkas
  9 bats
  2 frilled lizards
  6 rats
130 creatures vanquished.

Vanquished Creatures (others)
  284 foxfires
284 creatures vanquished.

Grand Total: 414 creatures vanquished

Notes
Turn   | Place    | Note
-------+----------+-------------------------------------------
     0 | D:1      | cforsyth the Demigod Wanderer began the quest for the Orb.
     0 | D:1      | cforsyth set off with the following items: a +0 club, a
                  | potion of might, a +0 scale mail; and the following spell
                  | memorised: Foxfire; and the following spells available to
                  | memorise: Searing Ray, Static Discharge, Inner Flame, Flame
                  | Wave.
     0 | D:1      | Reached XP level 1. HP: 14/14 MP: 5/5
   142 | D:1      | Reached XP level 2. HP: 3/22 MP: 1/7
   255 | D:1      | Reached skill level 1 in Fighting
   702 | D:1      | Reached skill level 2 in Fighting
  1338 | D:2      | Reached XP level 3. HP: 30/30 MP: 3/8
  1392 | D:2      | Noticed Jessica
  1395 | D:2      | Killed Jessica
  1396 | D:2      | Reached skill level 3 in Fighting
  1670 | D:1      | Reached XP level 4. HP: 20/38 MP: 1/9
  3375 | D:3      | Reached skill level 4 in Fighting
  3375 | D:3      | Reached XP level 5. HP: 38/46 MP: 1/10
  3517 | D:3      | Reached skill level 1 in Maces & Flails
  4331 | D:4      | Noticed a black bear
  4342 | D:4      | Killed a black bear
  4343 | D:4      | Reached XP level 6. HP: 32/53 MP: 11/11
  4549 | D:4      | Noticed Grinder
  4572 | D:4      | Killed Grinder
  4877 | D:4      | Reached skill level 5 in Fighting
  5145 | D:5      | Entered Level 5 of the Dungeon
  5192 | D:5      | Reached XP level 7. HP: 53/61 MP: 7/12
  6930 | D:6      | Reached XP level 8. HP: 28/65 MP: 13/13
  7083 | D:6      | Reached skill level 6 in Fighting
  7127 | D:6      | Found a staircase to the Ecumenical Temple.
  7459 | D:6      | Reached skill level 5 in Armour
  7481 | D:6      | Slain by a wight

Illustrated notes

Levels and vault maps discovered:
D:1:      dpeg_arrival_more_subterranean_lakeside_camping, layout_basic,
          hellmonk_ecumenical_altar_lost_god, minmay_statues_item
D:2:      layout_loops_ring, uniq_jessica
D:3:      minmay_inner_zag, layout_basic, hex_large
D:4:      layout_basic, uniq_grinder
D:5:      layout_loops_corners
D:6:      layout_gridville, jmf_multi_god_temple,
          minmay_temple_entry_stoned_glass, minivault_22

Skill      XL: |  1  2  3  4  5  6  7  8 |
---------------+-------------------------+-----
Fighting       | 2 3 4 5 6 |  6.3
Maces & Flails | 2 3 4 |  4.7
Armour         | 2 3 4 5 |  5.0
Dodging        | |  1.0
Stealth        | |  1.9
Spellcasting   | |  1.8
Conjurations   | |  1.8
Fire Magic     | |  1.8

Action                     |  1- 3 |  4- 6 |  7- 9 || total
---------------------------+-------+-------+-------++-------
  Melee: Club              |    77 |    28 |       ||   105
         Punch             |       |     3 |     3 ||     6
         Whip              |       |    70 |   229 ||   299
   Cast: Foxfire           |    45 |   125 |    16 ||   186
    Use: Scroll            |       |     8 |     1 ||     9
 Armour: Scale mail        |    50 |       |       ||    50
         Ring mail         |     5 |    19 |       ||    24
         Chain mail        |       |    19 |    59 ||    78
  Dodge: Dodged            |    62 |   111 |   158 ||   331

Table legend: (Time is in decaauts)
 A = Elapsed time spent in this place.
 B = Non-inter-level travel time spent in this place.
 C = Inter-level travel time spent in this place.
 D = Time resting spent in this place.
 E = Time spent auto-exploring this place.
 F = Levels seen in this place.
 G = Mean time per level.
                   A        B        C        D        E       F      G
               +--------+--------+--------+--------+--------+-----+--------+
         Total |   7503 |   7242 |    261 |   1030 |   4894 |   6 | 1250.5 |
       Dungeon |   7503 |   7242 |    261 |   1030 |   4894 |   6 | 1250.5 |
               +--------+--------+--------+--------+--------+-----+--------+

Top non-repeatable levels by time:
     D:1: 1660 daAuts
     D:5: 1579 daAuts
     D:2: 1281 daAuts
     D:3: 1213 daAuts
     D:4: 1024 daAuts
     D:6: 744 daAuts
